 Dungeon Crawl Stone Soup version 0.31-a0-865-g3d5d91748a (webtiles) character file.

Game seed: 16184044065755529091

1626822 Flugkiller the Metallomancer (level 27, 179/179 HPs)
             Began as a Deep Elf Cinder Acolyte on Oct 10, 2023.
             Was a High Priest of Sif Muna.
             Escaped with the Orb
             ... and 3 runes!
             The game lasted 02:51:22 (76351 turns).

Flugkiller the Metallomancer (DECA)                Turns: 76351, Time: 02:51:22

Health: 179/179    AC: 12    Str: 16      XL:     27
Magic:  49/49      EV: 29    Int: 41 (44) God:    Sif Muna [*****.]
Gold:   3375       SH:  0    Dex: 24 (25) Spells: 8/66 levels left

rFire   + . .        W - staff of the Equator {*Corrode Dex+6 Earth}
rCold   . . .        k - sphere of Battle
rNeg    . . .        L - +3 troll leather armour
rPois   +            v - +2 helmet {SInv}
rElec   +            p - +0 cloak "Ryogosod" {rElec Int+4}
rCorr   .            i - +0 pair of gloves "Gotzuur" {Int+5 Dex+3}
SInv    +            E - +2 pair of boots {Fly}
Will    ++...        s - amulet of magic regeneration
Stlth   +            Z - ring "Verapijy" {Str+5 Int+3 Dex+6 Stlth-}
HPRegen 1.29/turn    b - ring "Plog" {rPois rF+}
MPRegen 0.71/turn

%: random rage (3%), corrode self (3%)
@: flying
A: berserk 1, clumsy 1, deformed body
0: Orb of Zot
}: 3/15 runes: decaying, slimy, gossamer
a: Renounce Religion, Channel Magic, Forget Spell, Divine Exegesis


You escaped.
You worshipped Sif Muna.
Sif Muna was extremely pleased with you.
You visited 11 branches of the dungeon, and saw 52 of its levels.
You visited the Abyss 1 time.
You visited 1 bazaar.
You also visited: Sewer, Ossuary and Ice Cave.

You collected 6657 gold pieces.
You spent 3282 gold pieces at shops.

Inventory:

Missiles
 C - 11 curare-tipped darts
 V - 2 throwing nets (quivered)
Armour
 i - the +0 pair of gloves "Gotzuur" (worn) {Int+5 Dex+3}
   (You bought it in a shop on level 4 of the Vaults)

   Int+5:     It affects your intelligence (+5).
   Dex+3:     It affects your dexterity (+3).
 k - the sphere of Battle (worn)
   (You found it on level 4 of the Swamp)

   Battle:    It summons a battlesphere in combat, with strength depending on
   Conjurations skill.
   Destructive: It enhances your destructive magic, and weakens non-destructive
   magic.
 p - the +0 cloak "Ryogosod" (worn) {rElec Int+4}
   (You found it on level 3 of the Realm of Zot)

   Int+4:     It affects your intelligence (+4).
   rElec:     It insulates you from electricity.
 v - a +2 helmet of see invisible (worn)
   (You bought it in a shop on level 5 of the Dungeon)
 E - a +2 pair of boots of flying (worn)
   (You found it on level 3 of the Elven Halls)
 J - the +0 cloak of Quiescent Birdsong {rPois Dex+3 Stlth+}
   (You found it on level 5 of the Pits of Slime)

   Dex+3:     It affects your dexterity (+3).
   rPois:     It protects you from poison Stlth+: It makes you more stealthy.
 L - a +3 troll leather armour (worn)
   (You found it on level 8 of the Dungeon)
Magical Staves
 a - the staff of Irritation {+Blink rN++ Str-2 Dex+2 Earth, !a}
   (You found it on level 3 of the Elven Halls)

   [staff of earth]

   Base accuracy: +5 Base damage: 5 Base attack delay: 1.2 This weapon's minimum
   attack delay (0.6) is reached at skill level 12.
   Str-2:     It affects your strength (-2).
   Dex+2:     It affects your dexterity (+2).
   rN++:      It greatly protects you from negative energy.
   +Blink:    It lets you blink.
   Earth:     It increases the power of your Earth spells.
   It falls into the 'Staves' category.
   It is a one-handed weapon.
 T - the staff of Agony {rElec rF+ rC+++ Str-3 SInv Fire}
   (You found it on level 5 of the Pits of Slime)

   [staff of fire]

   Base accuracy: +5 Base damage: 5 Base attack delay: 1.2 This weapon's minimum
   attack delay (0.6) is reached at skill level 12.
   Str-3:     It affects your strength (-3).
   rF+:       It protects you from fire.
   rC+++:     It renders you almost immune to cold.
   rElec:     It insulates you from electricity.
   SInv:      It lets you see invisible.
   Fire:      It increases the power of your Fire spells.
   It falls into the 'Staves' category.
   It is a one-handed weapon.
 W - the staff of the Equator (weapon) {*Corrode Dex+6 Earth}
   (You found it on level 5 of the Pits of Slime)

   [staff of earth]

   Base accuracy: +5 Base damage: 5 Base attack delay: 1.2 This weapon's minimum
   attack delay (0.6) is reached at skill level 12.
   Dex+6:     It affects your dexterity (+6).
   *Corrode:  It may corrode you when you take damage.
   Earth:     It increases the power of your Earth spells.
   It falls into the 'Staves' category.
   It is a one-handed weapon.
Jewellery
 b - the ring "Plog" (right hand) {rPois rF+}
   (You took it off a deep elf annihilator on level 3 of the Elven Halls)

   [ring of poison resistance]

   rF+:       It protects you from fire.
   rPois:     It protects you from poison
 c - a ring of protection from cold
   (You found it on level 5 of the Pits of Slime)
 f - a +6 ring of strength
   (You took it off a draconian shifter on level 3 of the Realm of Zot)
 j - a +4 ring of slaying
   (You took it off a frost giant on level 4 of the Realm of Zot)
 m - a ring of willpower
   (You found it on level 4 of the Spider Nest)
 s - an amulet of magic regeneration (around neck)
   (You found it on level 15 of the Dungeon)
 I - a +6 ring of intelligence
   (You found it on level 1 of the Spider Nest)
 Z - the ring "Verapijy" (left hand) {Str+5 Int+3 Dex+6 Stlth-}
   (You found it on level 2 of the Depths)

   [ring of dexterity]

   Str+5:     It affects your strength (+5).
   Int+3:     It affects your intelligence (+3).
   Dex+6:     It affects your dexterity (+6).
   Stlth-:    It makes you less stealthy.
Wands
 u - a wand of digging (8)
   (You found it on level 4 of the Spider Nest)
 x - a wand of roots (31)
   (You found it on level 5 of the Dungeon)
 y - a wand of charming (22)
   (You found it on level 13 of the Dungeon)
 G - a wand of light (11)
   (You found it on level 11 of the Dungeon)
 H - a wand of flame (92)
   (You found it on level 7 of the Dungeon)
 O - a wand of mindburst (45)
   (You found it on level 10 of the Dungeon)
Scrolls
 t - 23 scrolls of teleportation
 z - a scroll of blinking
 A - 7 scrolls of immolation
 D - 4 scrolls of revelation
 Q - 8 scrolls of poison
 U - 11 scrolls of vulnerability
 X - a scroll of fear
 Y - 2 scrolls of enchant armour
Potions
 d - 13 potions of might
 e - 8 potions of brilliance
 g - a potion of invisibility
 h - 4 potions of haste
 l - 6 potions of lignification
 n - 5 potions of resistance
 q - 10 potions of curing
 w - 3 potions of heal wounds
 B - 4 potions of enlightenment
 F - 10 potions of ambrosia
 K - 3 potions of magic
 M - 6 potions of attraction
 N - a potion of cancellation
 S - 8 potions of mutation
Miscellaneous
 o - a lightning rod (4/4)
   (You found it on level 3 of the Vaults)
 r - a tin of tremorstones (2/2)
   (You found it on level 3 of the Vaults)


   Skills:
 - Level 20.0 Fighting
 - Level 4.0 Long Blades
 - Level 20.0 Dodging
 - Level 2.0 Stealth
 - Level 4.0 Shields
 - Level 20.0 Spellcasting
 - Level 18.0 Conjurations
 - Level 13.0 Summonings
 - Level 5.0 Transmutations
 - Level 16.2 Fire Magic
 - Level 25.0 Earth Magic
 - Level 10.0 Invocations
 + Level 8.9 Evocations


You had 8 spell levels left.
You knew the following spells:

 Your Spells              Type           Power      Damage    Failure   Level
a - Scorch                Fire           100%       2d9       0%          2
b - Volatile Blastmotes   Fire/Tloc      100%       2d18      1%          3
c - Starburst             Conj/Fire      67%        6d17      1%          6
d - Iskenderun's Mystic   Conj/Tloc      100%       2d19      1%          4
e - Spellforged Servitor  Conj/Summ      64%        N/A       1%          7
f - Bombard               Conj/Erth      85%        9d14      0%          6
g - Lehudib's Crystal Sp  Conj/Erth      85%        10d19     1%          8
h - Shatter               Erth           89%        3d64*     2%          9
i - Irradiate             Conj/Tmut      58%        3d31      1%          5
I - Ignition              Fire           65%        3d17      6%          8

Your spell library contained the following spells:

 Spells                   Type           Power      Damage    Failure   Level
 Foxfire                  Conj/Fire      100%       2x1d9     0%          1
 Magic Dart               Conj           100%       1d8       0%          1
 Sandblast                Erth           100%       2d20      0%          1
 Summon Small Mammal      Summ           100%       N/A       0%          1
 Call Imp                 Summ           100%       N/A       0%          2
 Passwall                 Tmut/Erth      86%        N/A       0%          2
 Searing Ray              Conj           100%       2d8       0%          2
 Call Canine Familiar     Summ           65%        N/A       0%          3
 Stone Arrow              Conj/Erth      100%       3d13      0%          3
 Animate Armour           Summ/Erth      100%       N/A       0%          4
 Brom's Barrelling Bould  Conj/Erth      100%       2d11      0%          4
 Flame Wave               Conj/Fire      100%       2d21      0%          4
 Petrify                  Tmut/Erth      100%       N/A       0%          4
 Sticky Flame             Conj/Fire      100%       2d11      0%          4
 Iskenderun's Battlesphe  Conj           100%       2d15      0%          5
 Lee's Rapid Deconstruct  Erth           89%        3d39*     0%          5
 Apportation              Tloc           40%        N/A       1%          1
 Freeze                   Ice            100%       1d10      1%          1
 Kiss of Death            Conj/Necr      100%       2d13      1%          1
 Necrotise                Necr           80%        1d8       1%          1
 Shock                    Conj/Air       100%       1d9       1%          1
 Slow                     Hex            80%        N/A       1%          1
 Sting                    Tmut/Pois      100%       1d8       1%          1
 Blink                    Tloc           40%        N/A       1%          2
 Cigotuvi's Dreadful Rot  Necr/Pois/Air  40%        N/A       1%          2
 Ensorcelled Hibernation  Hex/Ice        40%        N/A       1%          2
 Jinxbite                 Hex            40%        N/A       1%          2
 Lesser Beckoning         Tloc           40%        N/A       1%          2
 Momentum Strike          Conj/Tloc      100%       3d10      1%          2
 Poisonous Vapours        Pois/Air       100%       N/A       1%          2
 Static Discharge         Conj/Air       100%       2-7/arc   1%          2
 Sublimation of Blood     Necr           20%        N/A       1%          2
 Wereblood                Tmut           41%        N/A       1%          2
 Dazzling Flash           Conj/Hex       100%       N/A       1%          3
 Hailstorm                Conj/Ice       100%       3d20      1%          3
 Ignite Poison            Fire/Tmut/Pois 99%        N/A       1%          3
 Inner Flame              Hex/Fire       100%       N/A       1%          3
 Mephitic Cloud           Conj/Pois/Air  94%        N/A       1%          3
 Summon Guardian Golem    Hex/Summ       47%        N/A       1%          3
 Fulminant Prism          Conj/Hex       53%        3d22      1%          4
 Leda's Liquefaction      Hex/Erth       48%        N/A       1%          4
 Summon Ice Beast         Ice/Summ       47%        N/A       1%          4
 Summon Lightning Spire   Summ/Air       47%        N/A       1%          4
 Arcjolt                  Conj/Air       53%        1d63      1%          5
 Borgnjor's Vile Clutch   Necr/Erth      48%        N/A       1%          5
 Fireball                 Conj/Fire      67%        3d25      1%          5
 Freezing Cloud           Conj/Ice/Air   47%        6-21      1%          5
 Summon Forest            Summ/Tloc      23%        N/A       1%          5
 Summon Mana Viper        Hex/Summ       47%        N/A       1%          5
 Summon Cactus Giant      Summ           32%        N/A       1%          6
 Orb of Destruction       Conj           68%        9d16      1%          7
 Confusing Touch          Hex            20%        N/A       2%          3
 Frozen Ramparts          Ice            100%       1d16      2%          3
 Gell's Gravitas          Tloc           20%        N/A       2%          3
 Ozocubu's Armour         Ice            20%        N/A       2%          3
 Sigil of Binding         Hex            20%        N/A       2%          3
 Swiftness                Air            20%        N/A       2%          3
 Teleport Other           Tloc           20%        N/A       2%          3
 Tukima's Dance           Hex            20%        N/A       2%          3
 Vampiric Draining        Necr           20%        2d7       2%          3
 Conjure Ball Lightning   Conj/Air       53%        3x3d18    2%          6
 Monstrous Menagerie      Summ           32%        N/A       3%          7
 Summon Hydra             Summ           32%        N/A       3%          7
 Plasma Beam              Fire/Air       51%        2x1d66    4%          6
 Airstrike                Air            28%        2d(5-21)  7%          4
 Anguish                  Hex/Necr       10%        N/A       7%          4
 Animate Dead             Necr           20%        N/A       7%          4
 Cause Fear               Hex            10%        N/A       7%          4
 Dimensional Bullseye     Hex/Tloc       10%        N/A       7%          4
 Dispel Undead            Necr           20%        3d11      7%          4
 Manifold Assault         Tloc           20%        N/A       7%          4
 Olgreb's Toxic Radiance  Pois           57%        N/A       7%          4
 Passage of Golubria      Tloc           20%        N/A       7%          4
 Vhi's Electric Charge    Tloc/Air       40%        N/A       7%          4
 Alistair's Intoxication  Tmut/Pois      20%        N/A       7%          5
 Yara's Violent Unravell  Hex/Tmut       37%        3d15      7%          5
 Agony                    Necr           20%        N/A       21%         5
 Metabolic Englaciation   Hex/Ice        10%        N/A       21%         5
 Summon Horrible Things   Summ           32%        N/A       22%         8
 Eringya's Noxious Bog    Tmut/Pois      37%        4d6       36%         6
 Haunt                    Necr/Summ      23%        N/A       38%         7
 Malign Gateway           Summ/Tloc      23%        N/A       38%         7
 Death Channel            Necr           10%        N/A       73%         6
 Dispersal                Tloc           10%        N/A       73%         6
 Simulacrum               Ice/Necr       10%        N/A       73%         6
 Enfeeble                 Hex            10%        N/A       99%         7
 Ozocubu's Refrigeration  Ice            28%        4d13      99%         7
 Discord                  Hex            10%        N/A       100%        8
 Disjunction              Tloc           10%        N/A       100%        8
 Infestation              Necr           10%        N/A       100%        8
 Maxwell's Capacitive Co  Air            28%        ∞         100%        8
 Fire Storm               Conj/Fire      67%        8d17      54%         9
 Dragon's Call            Summ           32%        N/A       98%         9
 Chain Lightning          Conj/Air       53%        3d71      100%        9
 Death's Door             Necr           10%        N/A       100%        9
 Polar Vortex             Ice            28%        12d3*     100%        9


Dungeon Overview and Level Annotations

Branches:
Dungeon (15/15)            Temple (1/1) D:4            Lair (5/5) D:9
  Swamp (4/4) Lair:2       Spider (4/4) Lair:2        Slime (5/5) Lair:4
    Orc (2/2) D:9             Elf (3/3) Orc:2        Vaults (4/5) D:13
  Crypt (0/3) Vaults:3     Depths (4/4) D:15            Zot (5/5) Depths:4
  Sewer (visited)         Ossuary (visited)           IceCv (visited)

Altars:
Ashenzari
Cheibriados
Dithmenos
Elyvilon
Fedhas
Gozag
Hepliaklqana
Kikubaaqudgha
Makhleb
Nemelex Xobeh
Okawaru
Qazlal
Ru
Sif Muna
Trog
Uskayaw
Vehumet
Wu Jian
Xom
Yredelemnul
Zin
The Shining One
Jiyva
Lugonu

Shops:
D:5 *(:[   D:11 !   Orc:2 *?[!   Elf:1 !   Vaults:4 [   Depths:4 *(*[[

Portals:
Hell: Depths:1 Depths:2 Depths:3 Depths:4
Abyss: Depths:2 Depths:3
Pandemonium: Depths:2
Ziggurat: Depths:3

Annotations:
D:2 Sigmund
D:4 1 runed translucent door, noobster's ghost, amateur HOFi
D:10 3 runed translucent doors, exclusion: downstairs, Maratek's ghost, novice GrEE
Lair:5 1 runed translucent door, Flugkiller's ghost, journeyman DrBe
Swamp:1 exclusion: downstairs
Swamp:4 1 exclusion
Elf:2 3 runed translucent doors


Innate Abilities, Weirdness & Mutations

You sometimes lose your temper in combat.
You are clumsy. (Dex -2)
Armour fits poorly on your strangely shaped body.


Message History

Aim: an Orb Guardian (81% to hit)
You feel a strong surge of power!
The crystal spear hits the Orb Guardian!!!!
You kill the Orb Guardian!
Sif Muna accepts your kill.
An ice devil comes into view.
Casting: Lehudib's Crystal Spear (mildly dangerous; 1% risk of failure)
Confirm with . or Enter, or press ? or * to list all spells.
Aiming: Lehudib's Crystal Spear (mildly dangerous; 1% risk of failure)
Press: ? - help, Shift-Dir - straight line, f - ice devil
Aim: an ice devil (86% to hit)
You feel a strong surge of power!
The crystal spear hits the ice devil!!!!
You kill the ice devil!
Sif Muna accepts your kill.
There is a stone staircase leading up here.
You fly upwards.
Your summoned ally is left behind.
Your battlesphere wavers and loses cohesion.
There is a stone staircase leading down here.
Magic restored.
There is a stone staircase leading up here.
You fly upwards.
Level annotation: 3 runed translucent doors, exclusion: downstairs, Maratek's ghost, novice GrEE
There is a stone staircase leading down here.
There is an open door here.
There is a stone staircase leading up here.
You fly upwards.
There is a stone staircase leading down here.
There is a stone staircase leading up here.
You fly upwards.
There is a stone staircase leading down here.
There is an open door here.
There is an escape hatch in the ceiling here.
A mysterious force pulls you upwards. The hatch slams shut behind you.
There is a stone staircase leading up here.
You fly upwards.
There is a stone staircase leading down here.
Things that are here:
a +0 leather armour; a +0 mace
Things that are here:
a +1 heavy hand axe; a +0 scale mail; a +0 mace
There is a stone staircase leading up here.
You fly upwards.
There is a stone staircase leading down here.
You see here a +0 leather armour.
There is an escape hatch in the ceiling here.
A mysterious force pulls you upwards. The hatch slams shut behind you.
Level annotation: 1 runed translucent door, noobster's ghost, amateur HOFi A hell beast comes into view.
You conjure a globe of magical energy.
Casting: Lehudib's Crystal Spear (mildly dangerous; 1% risk of failure)
Confirm with . or Enter, or press ? or * to list all spells.
Aiming: Lehudib's Crystal Spear (mildly dangerous; 1% risk of failure)
Press: ? - help, Shift-Dir - straight line, f - hell beast
Aim: a hell beast (79% to hit)
You feel a strong surge of power!
The crystal spear hits the hell beast!!!!
You kill the hell beast!
Sif Muna accepts your kill.
You feel your strength returning.
A Brimstone Fiend comes into view.
Unknown command.
Unknown command.
Casting: Lehudib's Crystal Spear (mildly dangerous; 1% risk of failure)
Confirm with . or Enter, or press ? or * to list all spells.
Aiming: Lehudib's Crystal Spear (mildly dangerous; 1% risk of failure)
Press: ? - help, Shift-Dir - straight line, f - Brimstone Fiend
Aim: a Brimstone Fiend (93% to hit)
You feel a strong surge of power!
The crystal spear hits the Brimstone Fiend!!!!
You kill the Brimstone Fiend!
Sif Muna accepts your kill.
There is a stone staircase leading up here.
You fly upwards.
Your summoned ally is left behind.
Your battlesphere wavers and loses cohesion.
There is a stone staircase leading down here.
Things that are here:
a +0 scale mail; a +0 flail
There is an open door here.
There is an escape hatch in the ceiling here.
You see here a +0 giant club.
A mysterious force pulls you upwards. The hatch slams shut behind you.
Level annotation: Sigmund Magic restored.
There is a stone staircase leading up here.
You see here a scroll of noise.
You fly upwards.
There is a stone staircase leading down here.
You see here a +0 whip of flaming.
You see here a +0 whip.
A smoke demon and 4 hellwings come into view.
You conjure a globe of magical energy.
The smoke demon roars!
The hellwing gives a chilling moan. x3
There is a staircase leading out of the dungeon here.
Unknown command.
Enter note: gg The hellwing closely misses you.
The hellwing misses you.
The hellwing hits the plant!
The plant begins to die.
The hellwing hits the plant.
You have escaped! #PP..P.PP.PP.PP.PP# # #PP.P.PP.P.PP.P.PP# #PP.P.P.PPP.P.P.PP# #PP.P.PP.P.PP.P.PP# #PP.PP.PP3PP.PP.PP# #PPP.PP.PPP.PP.PPP# #PPP4PPP4..PPP.PPP# #PPPP.4PPPPP..PPPP# #PPPPPP.*@4.PPPPPP# #PPPPPPPPPPPPPPPPP# ###################

You could see 4 hellwings, a smoke demon and a friendly battlesphere.

Vanquished Creatures
  the Royal Jelly (Slime:5)
  3 orbs of fire
  3 dread liches (Zot:5)
  An ancient lich (Zot:5)
  Josephina (Zot:4)
  6 Killer Klowns (Zot:5)
  Vv (Depths:2)
  Frederick (Vaults:3)
  Bai Suzhen (Elf:3)
  Parghit (Depths:4)
  3 curse toes
  6 golden dragons
  Nikola (Elf:2)
  A bone dragon (Zot:4)
  2 Brimstone Fiends
  3 electric golems
  Jorgrun (Elf:1)
  17 tentacled monstrosities
  4 liches
  2 Ice Fiends
  29 Orb Guardians
  3 deep elf master archers (Elf:3)
  2 walking earthen tomes (Depths:4)
  2 titans
  A sphinx (Depths:1)
  18 acid blobs
  2 deep elf blademasters (Elf:3)
  8 quicksilver dragons
  A pandemonium lord (Depths:4)
  A walking divine tome (Depths:4)
  10 death cobs
  7 shadow dragons
  Agnes (D:14)
  Donald (Spider:1)
  8 storm dragons
  3 tengu reavers
  6 draconian monks
  7 draconian knights
  6 azure jellies (Slime:5)
  Roxanne (Elf:1)
  8 frost giants
  5 draconian scorchers
  3 fenstrider witches
  6 rockslimes (Slime:5)
  2 emperor scorpions
  A deep elf elementalist (Elf:3)
  6 fire giants
  An iron dragon (Depths:4)
  13 ghost moths
  10 vault wardens
  Louise (Swamp:3)
  A ghoul (Swamp:4)
  9 draconian shifters
  A demonspawn blood saint (Zot:3)
  A spriggan defender (Depths:4)
  5 broodmothers
  5 draconian stormcallers
  10 quicksilver oozes
  16 ironbound preservers
  4 orc warlords
  A caustic shrike skeleton (Depths:1)
  3 draconian annihilators
  11 very ugly things
  4 ironbound thunderhulks
  2 war gargoyles (Vaults:2)
  7 stone giants
  7 green draconians
  4 eleionomae
  12 red draconians
  Azrael (Orc:2)
  3 vampire knights
  A deep elf annihilator (Vaults:2)
  11 black draconians
  9 purple draconians
  2 deep elf demonologists
  6 dire elephants
  10 yellow draconians
  A bunyip (Swamp:2)
  10 white draconians
  7 spark wasps
  2 deep elf death magi (Elf:3)
  6 ettins
  4 blizzard demons
  9 fire dragons
  9 entropy weavers
  7 great orbs of eyes
  3 shambling mangroves
  7 yaktaur captains
  A deep elf high priest (Elf:1)
  2 rakshasas
  8 hydras
  2 peacekeepers (Vaults:2)
  3 jorogumos
  A sphinx zombie (Depths:1)
  3 spriggan air magi
  5 ice dragons
  5 ironbound frosthearts
  A catoblepas (D:13)
  3 ghost crabs
  6 radroaches
  18 two-headed ogres
  A hell beast (D:4)
  2 vault guards
  3 boulder beetles
  13 centaur warriors
  13 alligators
  A death knight (D:9)
  9 dancing weapons
  7 ogre magi
  7 deep troll shamans
  6 demonic crawlers
  6 death yaks (Lair:5)
  2 vampire magi
  8 deep troll earth magi
  An orc high priest (Elf:2)
  14 tengu warriors
  A thrashing horror (Abyss:3)
  3 spriggan berserkers
  4 soul eaters
  24 spriggans
  3 sun demons
  11 deep elf knights
  A sixfirhy (Swamp:4)
  8 pharaoh ants
  8 goliath frogs
  3 death drakes (Swamp:4)
  7 iron trolls
  2 glowing orange brains
  3 sun moths
  64 deep trolls
  A quicksilver dragon simulacrum (Zot:4)
  8 orb spiders
  3 bog bodies
  6 spriggan druids
  4 swamp dragons
  7 deep elf archers
  11 wizards
  2 phantasmal warriors (Depths:4)
  14 orc knights
  An obsidian statue (Zot:5)
  8 steelbarb worms
  13 ironbound convokers
  8 lindwurms
  A steelbarb worm (shapeshifter) (D:13)
  19 deep elf pyromancers
  18 wolf spiders
  A necromancer (Depths:1)
  3 shining eyes
  39 ugly things
  24 deep elf zephyrmancers
  3 manticores
  An oklob plant (Lair:3)
  3 cyclopes
  4 will-o-the-wisps
  9 harpies
  23 moths of wrath
  24 elephants
  A rust devil (Depths:2)
  5 black mambas
  3 storm dragon simulacra (IceCv)
  Maurice (Orc:2)
  15 vault sentinels
  5 smoke demons (Depths:1)
  66 slime creatures
  2 orange demons
  12 cane toads
  5 eyes of devastation
  A gargoyle (D:13)
  3 torpor snails
  An unseen horror (D:10)
  25 yaktaurs
  2 rime drakes
  Maggie (D:8)
  14 komodo dragons
  3 kobold demonologists
  3 tengu conjurers
  A golden dragon simulacrum (IceCv)
  An efreet (Depths:4)
  An ice devil (D:12)
  A red devil (Depths:2)
  A queen bee (D:13)
  15 polar bears
  3 tyrant leeches
  A tarantella (shapeshifter) (Elf:1)
  2 bloated husks
  A wind drake (shapeshifter) (Elf:1)
  13 hornets
  25 tarantellas
  8 trolls
  6 hellwings
  7 meliai
  14 dream sheep
  19 blink frogs
  A spectral black mamba (Lair:2)
  3 shadows
  4 air elementals
  A frost giant simulacrum (Depths:1)
  A jumping spider (shapeshifter) (Elf:2)
  27 jumping spiders
  31 culicivoras
  A vampire (D:12)
  A ynoxinul (Depths:2)
  5 wyverns
  2 water elementals (Elf:1)
  38 yaks
  A basilisk (shapeshifter) (Depths:2)
  A human (D:13)
  A yak (shapeshifter) (Zot:4)
  7 golden eyes
  6 basilisks
  17 fire elementals
  2 neqoxecs
  53 redbacks
  11 vampire mosquitoes
  2 wargs
  A spectral cane toad (Lair:2)
  10 swamp worms
  2 acid dragons
  12 water moccasins
  4 moth of wrath simulacra (Zot:4)
  2 hell hounds (Orc:2)
  2 ice beasts (shapeshifter)
  3 floating eyes (Depths:3)
  A swamp drake (Swamp:1)
  15 orc warriors
  A spectral torpor snail (Lair:2)
  3 black bears
  A sky beast (D:7)
  A black bear (shapeshifter) (Elf:2)
  2 ice beasts (D:7)
  33 wolves
  A tengu (shapeshifter) (Elf:3)
  30 ogres
  A spectral rime drake (Lair:2)
  9 boggarts
  15 centaurs
  5 kobold brigands
  13 bullfrogs
  An earth elemental (Elf:2)
  A spectral water moccasin (Lair:2)
  An elf skeleton (D:7)
  5 scorpions
  21 killer bees (D:13)
  A lindwurm simulacrum (IceCv)
  2 electric eels
  6 howler monkeys
  3 centaur zombies (Ossuary)
  4 hounds
  A human zombie (D:7)
  A jelly (D:5)
  2 gnoll boudas (D:6)
  10 orc priests
  A sleepcap (D:5)
  3 human skeletons
  21 orc wizards
  3 iguanas
  2 ogre zombies (Ossuary)
  7 mummies (Ossuary)
  28 gnolls
  20 adders
  10 river rats
  2 shadow imps
  A white imp (D:8)
  An ufetubus (Abyss:3)
  4 adder zombies (Ossuary)
  A worm (D:4)
  5 dart slugs
  85 orcs
  13 endoplasms
  8 giant cockroaches
  2 gnoll zombies (Ossuary)
  9 goblins
  2 hobgoblins
  18 jackals
  19 kobolds
  4 quokkas
  12 ball pythons
  12 bats
  7 frilled lizards
  3 goblin zombies (Ossuary)
  4 hobgoblin zombies (Ossuary)
  4 kobold zombies (Ossuary)
  2 orc skeletons (D:7)
  5 quokka zombies (Ossuary)
  20 rats
  3 rat zombies (Ossuary)
2064 creatures vanquished.

Vanquished Creatures (collateral kills)
  2 golden dragons (Zot:3)
  A bone dragon (Zot:4)
  9 tentacled monstrosities
  A titan (Zot:4)
  A deep elf master archer (Elf:3)
  2 deep elf blademasters (Elf:3)
  A quicksilver dragon (Zot:1)
  A sphinx (Zot:4)
  A thorn hunter (Swamp:4)
  A death cob (Zot:3)
  4 storm dragons
  2 rockslimes (Slime:5)
  A fenstrider witch (Swamp:4)
  A deep elf elementalist (Elf:3)
  2 deep elf sorcerers (Elf:3)
  3 draconian scorchers
  2 ghouls (Swamp:4)
  A reaper (Swamp:4)
  A very ugly thing (Depths:1)
  A draconian shifter (Zot:1)
  A stone giant (Depths:2)
  3 green draconians (Zot:3)
  4 white draconians
  5 deep elf annihilators (Elf:3)
  A yellow draconian (Zot:4)
  An ironbound thunderhulk (D:13)
  2 black draconians (Zot:3)
  2 purple draconians
  3 red draconians
  3 deep elf death magi (Elf:3)
  An ettin (Zot:4)
  A great orb of eyes (Slime:5)
  2 deep elf high priests (Elf:3)
  An ogre mage (Swamp:4)
  2 ice dragons (Zot:4)
  A rakshasa (Depths:2)
  An ironbound frostheart (Vaults:2)
  A hydra (Swamp:4)
  3 centaur warriors (Vaults:2)
  2 dancing weapons
  A tengu warrior (Depths:2)
  3 hell hogs (Depths:1)
  A spriggan berserker (Swamp:4)
  A titan skeleton (Depths:1)
  A spriggan (Swamp:4)
  A hell knight (Depths:1)
  A pharaoh ant (Spider:2)
  An orb spider (Spider:3)
  5 deep trolls
  An orc knight (Vaults:2)
  A deep elf zephyrmancer (Elf:3)
  A steelbarb worm (Spider:1)
  A deep elf pyromancer (Elf:2)
  3 orc sorcerers (Swamp:4)
  3 ugly things
  A worldbinder (Abyss:3)
  2 wolf spiders
  2 will-o-the-wisps (Swamp:4)
  5 moths of wrath
  A large abomination (Abyss:3)
  A molten gargoyle (Depths:1)
  A vault sentinel (Vaults:3)
  A hellion (Depths:1)
  An orange demon (Swamp:4)
  5 yaktaurs (Vaults:1)
  A meliai (Spider:4)
  A hornet (Swamp:4)
  A tarantella (Spider:4)
  A tyrant leech (Swamp:4)
  3 slime creatures (Slime:5)
  A jumping spider (Spider:1)
  A chaos spawn (Swamp:4)
  2 redbacks
134 creatures vanquished.

Vanquished Creatures (others)
  A stone giant (Depths:2)
  A deep elf zephyrmancer (Elf:2)
  A tyrant leech (Swamp:2)
  A chaos spawn (Swamp:4)
  84 foxfires
88 creatures vanquished.

Grand Total: 2286 creatures vanquished

Notes
Turn   | Place    | Note
-------+----------+-------------------------------------------
     0 | D:1      | Flugkiller the Deep Elf Cinder Acolyte began the quest for
                  | the Orb.
     0 | D:1      | Reached XP level 1. HP: 13/13 MP: 5/5
    40 | D:1      | Reached skill level 1 in Stealth
   143 | D:1      | Reached XP level 2. HP: 18/18 MP: 6/6
   203 | D:1      | Reached skill level 1 in Dodging
   554 | D:1      | Learned a level 2 spell: Scorch
   619 | D:1      | Reached XP level 3. HP: 17/22 MP: 7/7
  1408 | D:2      | Found a faded altar of an unknown god.
  1470 | D:2      | Noticed Sigmund
  1495 | D:2      | Reached XP level 4. HP: 27/27 MP: 5/8
  1802 | D:3      | Found a stormy altar of Qazlal.
  1939 | D:3      | Found a shadowy altar of Dithmenos.
  2281 | D:3      | Reached XP level 5. HP: 31/31 MP: 0/9
  3178 | D:3      | Reached skill level 5 in Dodging
  3178 | D:3      | Reached skill level 5 in Fire Magic
  3196 | D:3      | Reached XP level 6. HP: 36/36 MP: 0/10
  4171 | D:2      | Reached XP level 7. HP: 40/40 MP: 0/12
  5159 | D:4      | Found a runed translucent door.
  5171 | D:4      | Noticed noobster's ghost (amateur HOFi)
  5280 | D:4      | Identified the +1 arbalest of the Blind Eye {flame, rElec
                  | rN+ Will- Dex+4}
  6338 | D:5      | Entered Level 5 of the Dungeon
  6352 | D:4      | Reached XP level 8. HP: 45/48 MP: 4/14
  6551 | D:5      | Found a glowing drain.
  6600 | Sewer    | Entered a sewer
  6623 | Sewer    | Reached skill level 1 in Evocations
  7475 | D:5      | Found a burning altar of Makhleb.
  7787 | D:5      | Learned a level 3 spell: Volatile Blastmotes
  7794 | D:5      | Learned a level 6 spell: Starburst
  7868 | D:5      | Found Xinla's Armour Shoppe.
  7870 | D:5      | Found Qairchan's Book Emporium.
  7870 | D:5      | Found Pitaine's Weapon Boutique.
  7877 | D:5      | Found Wetsaduf's General Store.
  8321 | D:6      | Reached skill level 1 in Conjurations
  8443 | D:6      | Identified the +0 pair of gloves "Yshoplin" {Str+6 Int-4
                  | Dex+4 Stlth-}
  9855 | D:6      | Reached XP level 9. HP: 51/52 MP: 4/17
 10332 | D:7      | Reached skill level 5 in Spellcasting
 10336 | D:7      | Found a burning altar of Makhleb.
 10338 | D:7      | Identified the +1 scale mail of the Griffon {Slay+3}
 10423 | D:7      | Found a sand-covered staircase.
 10428 | Ossuary  | Entered an ossuary
 11599 | D:7      | Found an ancient bone altar of Kikubaaqudgha.
 11599 | D:7      | Noticed a troll
 11854 | D:7      | Noticed a two-headed ogre
 12022 | D:7      | Killed a troll
 12023 | D:7      | Reached skill level 5 in Conjurations
 12170 | D:7      | Killed a two-headed ogre
 12563 | D:8      | Noticed Maggie
 12782 | D:8      | Noticed a two-headed ogre
 12821 | D:8      | Killed a two-headed ogre
 12822 | D:8      | Reached XP level 10. HP: 19/56 MP: 3/21
 13349 | D:9      | Found a staircase to the Lair.
 13370 | D:9      | Noticed a manticore
 13537 | D:8      | Reached skill level 10 in Fire Magic
 13617 | D:9      | Noticed a tengu warrior
 13630 | D:9      | Killed a tengu warrior
 13636 | D:9      | Noticed a death knight
 13730 | D:8      | Killed Maggie
 13843 | D:9      | Found a staircase to the Orcish Mines.
 13884 | D:9      | Killed a manticore
 14351 | D:9      | Killed a death knight
 14352 | D:9      | Reached XP level 11. HP: 39/61 MP: 22/22
 14469 | D:9      | Identified the +1 robe of the Comet {rN+ Stlth+}
 14527 | D:8      | Learned a level 4 spell: Iskenderun's Mystic Blast
 14547 | D:9      | Reached skill level 10 in Conjurations
 14932 | D:10     | Entered Level 10 of the Dungeon
 15243 | D:10     | Found a basalt altar of Yredelemnul.
 15304 | D:10     | Found a runed translucent gate.
 15304 | D:10     | Found a runed translucent gate.
 15304 | D:10     | Found a runed translucent gate.
 15305 | D:10     | Noticed Maratek's ghost (novice GrEE)
 15330 | D:10     | Found a sacrificial altar of Ru.
 16571 | D:11     | Noticed a two-headed ogre
 16726 | D:11     | Killed a two-headed ogre
 17449 | D:11     | Found Hajeuddeic's Distillery.
 17457 | D:11     | Bought a potion of mutation for 136 gold pieces
 17659 | Lair:1   | Entered Level 1 of the Lair of Beasts
 17875 | D:4      | Found a staircase to the Ecumenical Temple.
 17879 | Temple   | Entered the Ecumenical Temple
 17894 | Temple   | Fell from the grace of Ignis
 17894 | Temple   | Became a worshipper of Sif Muna the Loreminder
 18466 | Lair:1   | Reached skill level 10 in Spellcasting
 19062 | Lair:2   | Found a hole to the Spider Nest.
 19193 | Lair:2   | Reached XP level 12. HP: 67/67 MP: 5/28
 19372 | Lair:2   | You fall into a shaft and drop 1 floor!
 19518 | Lair:3   | Reached * piety under Sif Muna
 19717 | Lair:3   | Reached skill level 5 in Fighting
 20493 | Lair:3   | Was forgiven by Ignis
 21927 | Lair:3   | You fall into a shaft and drop 2 floors!
 21927 | Lair:5   | Entered Level 5 of the Lair of Beasts
 21943 | Lair:5   | Found a runed translucent door.
 21945 | Lair:5   | Noticed a boulder beetle
 21945 | Lair:5   | Noticed Flugkiller's ghost (journeyman DrBe)
 22147 | Lair:4   | Found a glowing silver altar of Zin.
 22221 | Lair:4   | Reached ** piety under Sif Muna
 22666 | Lair:3   | Reached XP level 13. HP: 62/76 MP: 10/29
 24158 | Lair:2   | Found a staircase to the Swamp.
 24174 | Lair:2   | Reached skill level 1 in Invocations
 24640 | Lair:4   | Reached *** piety under Sif Muna
 24938 | Lair:4   | Reached skill level 5 in Invocations
 25566 | Lair:4   | Found a viscous altar of Jiyva.
 25568 | Lair:4   | Found a staircase to the Slime Pits.
 26310 | Lair:5   | Reached skill level 10 in Dodging
 26417 | Lair:5   | Reached **** piety under Sif Muna
 27063 | Lair:5   | Reached XP level 14. HP: 82/84 MP: 5/31
 28050 | Lair:5   | Learned a level 5 spell: Irradiate
 28182 | Lair:5   | Reached skill level 1 in Transmutations
 28325 | Lair:5   | Reached ***** piety under Sif Muna
 28594 | Lair:5   | Reached skill level 15 in Conjurations
 28712 | Lair:5   | Reached skill level 15 in Fire Magic
 28843 | Lair:5   | Identified the ring of Yesterday {Fire +Blink rElec Will-
                  | Dex+7}
 29629 | D:12     | Reached skill level 1 in Shields
 29635 | D:12     | Reached skill level 5 in Transmutations
 30356 | D:13     | Identified Sif Muna's Cyclopedia of the Ill-fated Morgue
                  | (Sif Muna gifted it to you on level 13 of the Dungeon)
 30356 | D:13     | Received a gift from Sif Muna
 30651 | D:13     | Identified the +5 long sword "Lit Mee" {heavy, rPois Str+6}
 31558 | D:13     | Identified a scroll of acquirement
 31576 | D:13     | Acquired a book of Power
 31795 | D:13     | Noticed an ironbound thunderhulk
 32482 | D:14     | Reached XP level 15. HP: 58/88 MP: 8/32
 32511 | D:14     | Noticed Agnes
 32685 | D:14     | Found a frozen archway.
 32821 | IceCv    | Entered an ice cave
 33264 | D:14     | Killed Agnes
 33265 | D:14     | Reached skill level 10 in Invocations
 33670 | D:15     | Entered Level 15 of the Dungeon
 33863 | D:15     | Found a stormy altar of Qazlal.
 34486 | D:15     | Found a staircase to the Depths.
 34486 | D:15     | Noticed a frost giant
 34489 | D:15     | Killed a frost giant
 34792 | D:15     | Found an ancient bone altar of Kikubaaqudgha.
 34828 | D:15     | Identified Sif Muna's Atlas of Conjuration (Sif Muna gifted
                  | it to you on level 15 of the Dungeon)
 34828 | D:15     | Received a gift from Sif Muna
 35233 | Orc:1    | Entered Level 1 of the Orcish Mines
 35449 | Orc:2    | Entered Level 2 of the Orcish Mines
 35656 | Orc:2    | Found a staircase to the Elven Halls.
 35683 | Orc:2    | Noticed Maurice
 35695 | Orc:2    | Killed Maurice
 35719 | Orc:2    | Noticed Azrael
 36036 | Orc:2    | Killed Azrael
 36218 | Orc:2    | Found Weexkakhle's Distillery.
 36218 | Orc:2    | Found Kijaola's Antique Armour Shop.
 36221 | Orc:2    | Paralysed by an ogre mage for 5 turns
 36225 | Orc:2    | Reached skill level 5 in Evocations
 36513 | Orc:2    | Found Qeduc's Magic Scroll Shop.
 36513 | Orc:2    | Found Taicavia's General Store.
 36520 | Orc:2    | Identified Boecw's Folio of Frigorific Injury (Sif Muna
                  | gifted it to you on level 2 of the Orcish Mines)
 36520 | Orc:2    | Received a gift from Sif Muna
 36528 | Orc:2    | Bought a potion of mutation for 88 gold pieces
 36528 | Orc:2    | Bought a potion of cancellation for 88 gold pieces
 36530 | Orc:2    | Bought a potion of heal wounds for 65 gold pieces
 36531 | Orc:2    | Bought a scroll of blinking for 75 gold pieces
 36532 | Orc:2    | Bought an ominously black robe for 171 gold pieces
 36532 | Orc:2    | Identified the +3 robe of Roxkam {Fly rF+} (You bought it
                  | in a shop on level 2 of the Orcish Mines)
 36678 | Orc:2    | Bought a potion of haste for 110 gold pieces
 36678 | Orc:2    | Bought a potion of haste for 110 gold pieces
 36678 | Orc:2    | Bought a potion of brilliance for 44 gold pieces
 36679 | Orc:2    | Bought a runed robe for 111 gold pieces
 36688 | Orc:2    | Learned a level 7 spell: Spellforged Servitor
 36695 | Orc:2    | Learned a level 6 spell: Bombard
 36984 | Swamp:1  | Entered Level 1 of the Swamp
 37151 | Swamp:1  | Reached skill level 1 in Summonings
 37151 | Swamp:1  | Reached skill level 1 in Earth Magic
 37446 | Swamp:1  | Reached skill level 2 in Earth Magic
 37629 | Swamp:1  | Reached XP level 16. HP: 90/96 MP: 7/34
 37729 | Swamp:1  | Reached skill level 3 in Earth Magic
 38337 | Swamp:2  | Reached skill level 4 in Earth Magic
 38340 | Swamp:2  | Reached skill level 10 in Fighting
 38612 | Swamp:2  | Reached skill level 5 in Summonings
 38612 | Swamp:2  | Reached skill level 5 in Earth Magic
 39008 | Swamp:2  | Noticed a tentacled monstrosity
 39016 | Swamp:2  | Killed a tentacled monstrosity
 39220 | Swamp:3  | Identified the amulet "Giugus" {Spirit Will+ rCorr Str+5
                  | Int-4}
 39226 | Swamp:3  | Reached skill level 6 in Earth Magic
 39278 | Swamp:3  | Found a sacrificial altar of Ru.
 39284 | Swamp:3  | Noticed Louise
 39289 | Swamp:3  | Killed Louise
 39525 | Swamp:3  | Paralysed by a fenstrider witch for 2 turns
 39622 | Swamp:3  | Received a gift from Sif Muna
 40254 | Swamp:4  | Entered Level 4 of the Swamp
 40882 | Swamp:4  | Reached skill level 10 in Summonings
 40894 | Swamp:4  | Found the sphere of Battle
 41370 | Swamp:4  | Noticed a thorn hunter
 41381 | Swamp:4  | Killed a thorn hunter
 41485 | Swamp:4  | Received a gift from Sif Muna
 41539 | Swamp:4  | Reached XP level 17. HP: 85/102 MP: 19/35
 41686 | Swamp:4  | Noticed a tentacled monstrosity
 41693 | Swamp:4  | Killed a tentacled monstrosity
 41828 | Swamp:4  | Got a decaying rune of Zot
 42082 | Spider:1 | Entered Level 1 of the Spider Nest
 43022 | Spider:1 | Noticed Donald
 43026 | Spider:1 | Killed Donald
 43079 | Spider:1 | Reached skill level 7 in Earth Magic
 43179 | Spider:1 | Identified Timushruoli's Almanac of Scorching Battle Magic
                  | (Sif Muna gifted it to you on level 1 of the Spider Nest)
 43179 | Spider:1 | Received a gift from Sif Muna
 43232 | Spider:1 | Learned a level 8 spell: Lehudib's Crystal Spear
 43573 | Spider:2 | Reached ****** piety under Sif Muna
 44274 | Spider:2 | Reached skill level 8 in Earth Magic
 44518 | D:5      | Bought a +2 helmet of see invisible for 279 gold pieces
 45407 | Spider:2 | Received a gift from Sif Muna
 45964 | Spider:3 | Reached XP level 18. HP: 107/107 MP: 24/38
 46061 | Spider:3 | Reached skill level 9 in Earth Magic
 47145 | Spider:4 | Entered Level 4 of the Spider Nest
 47275 | Spider:4 | Reached skill level 15 in Dodging
 47352 | Spider:4 | Identified Sif Muna's Catalogue of Toxic Ice (Sif Muna
                  | gifted it to you on level 4 of the Spider Nest)
 47352 | Spider:4 | Received a gift from Sif Muna
 47553 | Spider:4 | Reached skill level 15 in Spellcasting
 47697 | Spider:4 | Identified the +1 executioner's axe of the Burning Pariah
                  | {flame, *Rage rElec rC- Int+10}
 47742 | Spider:4 | Reached skill level 10 in Earth Magic
 48418 | Spider:4 | Got a gossamer rune of Zot
 48784 | Elf:1    | Entered Level 1 of the Elven Halls
 48979 | Elf:1    | Noticed Roxanne
 48983 | Elf:1    | Killed Roxanne
 48984 | Elf:1    | Reached skill level 11 in Earth Magic
 49335 | Elf:1    | Identified Sif Muna's Almanac of Chthonic Debased Secrets
                  | (Sif Muna gifted it to you on level 1 of the Elven Halls)
 49335 | Elf:1    | Received a gift from Sif Muna
 49372 | Elf:1    | Noticed Jorgrun
 49378 | Elf:1    | Killed Jorgrun
 49395 | Abyss:3  | Cast into level 3 of the Abyss (a deep elf demonologist)
 49425 | Abyss:3  | Found a corrupted altar of Lugonu.
 49462 | Elf:1    | Escaped the Abyss
 49732 | Elf:1    | Found Jouledul's Distillery.
 49737 | Elf:1    | Bought a potion of resistance for 180 gold pieces
 49737 | Elf:1    | Bought a potion of heal wounds for 90 gold pieces
 49737 | Elf:1    | Bought a potion of cancellation for 144 gold pieces
 49958 | Elf:2    | Reached skill level 12 in Earth Magic
 50008 | Elf:2    | Noticed Nikola
 50294 | Elf:2    | Found a runed translucent gate.
 50305 | Elf:2    | Found a runed translucent gate.
 50306 | Elf:2    | Found a runed translucent gate.
 50385 | Elf:2    | Killed Nikola
 50533 | Elf:2    | Reached XP level 19. HP: 112/112 MP: 29/40
 50765 | Elf:3    | Entered Level 3 of the Elven Halls
 50837 | Elf:3    | Noticed Bai Suzhen
 50854 | Elf:3    | Killed Bai Suzhen
 50934 | Elf:3    | HP: 3/112 [deep elf knight/arrow (14)]
 51075 | Elf:3    | Reached skill level 13 in Earth Magic
 51414 | Elf:3    | Paralysed by an air elemental for 1 turns
 51909 | Elf:3    | Reached skill level 14 in Earth Magic
 52329 | Elf:3    | Reached skill level 15 in Earth Magic
 52361 | Elf:3    | Identified the staff of Irritation {+Blink rN++ Str-2 Dex+2
                  | Earth}
 52394 | Elf:3    | Identified Sif Muna's Omnibus of Air and Misfortune (Sif
                  | Muna gifted it to you on level 3 of the Elven Halls)
 52394 | Elf:3    | Received a gift from Sif Muna
 52480 | Elf:3    | Identified the ring "Plog" {rPois rF+}
 52480 | Elf:3    | Identified the +8 dire flail of Big Damage {freeze, Dex+5
                  | SInv Stlth-}
 52493 | Elf:3    | Identified the +5 double sword of Walitz {spect, Int+3}
 52531 | Elf:3    | Found the +10 tower shield of Ignorance {rN+ Int-4}
 52550 | Elf:3    | Identified the +6 scale mail of Oblivion {rF+ rCorr Str+2
                  | Int-4}
 52610 | Elf:3    | Identified the +3 flail of Sharkskin {freeze, +Blink Fly
                  | rF- Str+5}
 52613 | Elf:3    | Identified the +7 tower shield of Stoicism {rN+ Regen+
                  | Str+5 Int+3}
 53138 | D:13     | Found a gate to the Vaults.
 53408 | D:13     | Found a gate to the Vaults.
 53729 | Vaults:1 | Entered Level 1 of the Vaults
 55376 | Vaults:2 | Reached XP level 20. HP: 97/124 MP: 10/41
 55473 | Vaults:2 | Identified Sif Muna's Vellum of Moulding and Direction (Sif
                  | Muna gifted it to you on level 2 of the Vaults)
 55473 | Vaults:2 | Received a gift from Sif Muna
 57241 | Vaults:3 | Reached skill level 15 in Fighting
 57259 | Vaults:3 | Identified Sif Muna's Elucidation of Evil and Rallying (Sif
                  | Muna gifted it to you on level 3 of the Vaults)
 57259 | Vaults:3 | Received a gift from Sif Muna
 57547 | Vaults:3 | You are sucked into a shaft and drop 1 floor!
 57667 | Vaults:4 | Reached skill level 16 in Earth Magic
 58137 | Vaults:4 | Reached skill level 17 in Earth Magic
 58589 | Vaults:4 | Reached XP level 21. HP: 134/134 MP: 30/42
 58692 | Vaults:4 | Found Xessuv's Antique Armour Shoppe.
 58696 | Vaults:4 | Bought a pair of jewelled gloves for 237 gold pieces
 58696 | Vaults:4 | Identified the +0 pair of gloves "Gotzuur" {Int+5 Dex+3}
                  | (You bought it in a shop on level 4 of the Vaults)
 59120 | Vaults:3 | Reached skill level 18 in Earth Magic
 59224 | Vaults:3 | Noticed Frederick
 59227 | Vaults:3 | Killed Frederick
 59495 | Vaults:3 | Found a staircase to the Crypt.
 59495 | Vaults:3 | Found a basalt altar of Yredelemnul.
 59496 | Vaults:3 | Found an ancient bone altar of Kikubaaqudgha.
 59997 | Depths:1 | Entered Level 1 of the Depths
 60267 | Depths:1 | Identified Natwist's Volume of the Horrible Volley (Sif
                  | Muna gifted it to you on level 1 of the Depths)
 60267 | Depths:1 | Identified Sif Muna's Notes on the Conflagrant Singularity
                  | (Sif Muna gifted it to you on level 1 of the Depths)
 60267 | Depths:1 | Received a gift from Sif Muna
 60288 | Depths:1 | Learned a level 8 spell: Ignition
 60769 | Depths:1 | Found a gateway to Hell.
 61302 | Depths:2 | Found a flickering gateway to a bazaar.
 61338 | Bazaar   | Entered a bazaar
 61338 | Bazaar   | Found Lodecuj's Antique Weapon Shop.
 61363 | Bazaar   | Found Plog's Antique Armour Shop.
 61383 | Bazaar   | Found Liphuw's General Store.
 61391 | Bazaar   | Bought a scroll of teleportation for 30 gold pieces
 61413 | Bazaar   | Bought a shimmering leather armour for 217 gold pieces
 61413 | Bazaar   | Identified the +3 leather armour "Jyedoaf" {rF+ MP-9 Str+7
                  | Stlth-} (You bought it in a shop in a bazaar)
 61532 | Depths:2 | Noticed Vv
 61547 | Depths:2 | Killed Vv
 61775 | Depths:2 | Found a corrupted altar of Lugonu.
 61775 | Depths:2 | Found a one-way gate to the infinite horrors of the Abyss.
 61968 | Depths:2 | Noticed a golden dragon
 61972 | Depths:2 | Killed a golden dragon
 62171 | Depths:2 | Reached skill level 19 in Earth Magic
 62315 | Depths:2 | Identified the ring "Verapijy" {Str+5 Int+3 Dex+6 Stlth-}
 62407 | Depths:2 | Found a one-way gate leading to the halls of Pandemonium.
 62572 | Depths:3 | Reached XP level 22. HP: 98/141 MP: 8/44
 62679 | Depths:3 | Identified Sif Muna's Spellbook of the Mesa and Companions
                  | (Sif Muna gifted it to you on level 3 of the Depths)
 62679 | Depths:3 | Received a gift from Sif Muna
 63022 | Depths:3 | Noticed a golden dragon
 63026 | Depths:3 | Killed a golden dragon
 63211 | Depths:3 | Found a one-way gateway to a ziggurat.
 63812 | Depths:4 | Entered Level 4 of the Depths
 63829 | Depths:4 | Found Qazixt's Armour Emporium.
 63859 | Depths:4 | Found an ornate altar of the Wu Jian Council.
 63922 | Depths:4 | Found Acracvif's Antique Armour Boutique.
 63932 | Depths:4 | Bought a transparent leather armour for 224 gold pieces
 63932 | Depths:4 | Identified the +3 leather armour of Cowardice {Will+} (You
                  | bought it in a shop on level 4 of the Depths)
 63933 | Depths:4 | Bought a heavily runed ring mail for 288 gold pieces
 63933 | Depths:4 | Identified the +2 ring mail "Imuodd" {rN+++ Will+ Dex-5
                  | SInv} (You bought it in a shop on level 4 of the Depths)
 64109 | Depths:4 | Found Ynko's Assorted Antiques.
 64116 | Depths:4 | Bought a scroll of teleportation for 57 gold pieces
 64116 | Depths:4 | Bought a scroll of teleportation for 57 gold pieces
 64116 | Depths:4 | Bought a scroll of teleportation for 57 gold pieces
 64116 | Depths:4 | Bought a potion of magic for 152 gold pieces
 64127 | Depths:4 | Found Ojy Naf's Antique Weapon Shoppe.
 64139 | Depths:4 | Found Ixa Zoqe's General Store.
 64183 | Depths:4 | Noticed Parghit
 64189 | Depths:4 | Killed Parghit
 64813 | Depths:4 | Identified the +7 broad axe of Eternal War {heavy, SInv}
 65062 | Depths:4 | Got a well-preserved book
 65333 | Depths:4 | Found a gate to the Realm of Zot.
 65466 | Depths:4 | Identified the +6 quarterstaff of Ogriovi {drain, rElec
                  | rPois rC+ Dex-3}
 65660 | Depths:4 | Reached XP level 23. HP: 148/148 MP: 47/47
 65661 | Depths:4 | Reached skill level 20 in Earth Magic
 65661 | Depths:4 | Reached XP level 24. HP: 154/154 MP: 47/47
 65672 | Depths:4 | Learned a level 9 spell: Shatter
 66033 | Slime:1  | Entered Level 1 of the Pits of Slime
 66142 | Slime:1  | Received a gift from Sif Muna
 66575 | Slime:5  | Entered Level 5 of the Pits of Slime
 66668 | Slime:5  | Gained mutation: You sometimes lose your temper in combat.
                  | [a shining eye]
 67009 | Slime:5  | Reached skill level 21 in Earth Magic
 67135 | Slime:5  | Noticed the Royal Jelly
 67323 | Slime:5  | Killed the Royal Jelly
 67324 | Slime:5  | Reached XP level 25. HP: 159/159 MP: 23/47
 67380 | Slime:5  | Identified the +1 rapier of Locus Delicti {heavy, Fly
                  | Dex+3}
 67385 | Slime:5  | Identified the +0 cloak of Quiescent Birdsong {rPois Dex+3
                  | Stlth+}
 67438 | Slime:5  | Got a slimy rune of Zot
 67441 | Slime:5  | Identified the staff "Dinurov" {rElec rC+ Str+5 Dex-3 Air}
 67444 | Slime:5  | Identified the +0 helmet of Gehenna {+Inv Int+3}
 67455 | Slime:5  | Identified the staff of Agony {rElec rF+ rC+++ Str-3 SInv
                  | Fire}
 67504 | Slime:5  | Identified the +8 mace "Pendulum" {speed, Dex+3}
 67515 | Slime:5  | Identified the staff of the Equator {*Corrode Dex+6 Earth}
 67520 | Slime:5  | Identified the +9 quarterstaff of the Lost Spirits {venom,
                  | rC+ Will- rCorr Int+3}
 68311 | Zot:1    | Entered Level 1 of the Realm of Zot
 68317 | Zot:1    | Identified Zolyqeem's Almanac of Nocuous Bad Luck (Sif Muna
                  | gifted it to you on level 1 of the Realm of Zot)
 68317 | Zot:1    | Received a gift from Sif Muna
 68328 | Zot:1    | Reached skill level 22 in Earth Magic
 68656 | D:11     | Bought a potion of invisibility for 136 gold pieces
 68656 | D:11     | Bought a potion of mutation for 136 gold pieces
 69476 | Zot:1    | Reached skill level 23 in Earth Magic
 69661 | Zot:1    | Identified the +0 kite shield "Eggyzeet" {rPois}
 70410 | Zot:2    | Reached skill level 24 in Earth Magic
 70789 | Zot:3    | Identified the +0 cloak "Ryogosod" {rElec Int+4}
 70861 | Zot:3    | Noticed an orb of fire
 70866 | Zot:3    | Killed an orb of fire
 71147 | Zot:3    | Reached skill level 25 in Earth Magic
 71192 | Zot:3    | Identified Sif Muna's Discursus on Gaseous Clay (Sif Muna
                  | gifted it to you on level 3 of the Realm of Zot)
 71192 | Zot:3    | Received a gift from Sif Muna
 72014 | Zot:4    | Reached XP level 26. HP: 164/164 MP: 30/47
 72392 | Zot:4    | Identified Nuhur's Lectures on Confrontation (Sif Muna
                  | gifted it to you on level 4 of the Realm of Zot)
 72392 | Zot:4    | Identified Sif Muna's Incunabulum of Momentum (Sif Muna
                  | gifted it to you on level 4 of the Realm of Zot)
 72392 | Zot:4    | Identified Sif Muna's Teachings on Hurting (Sif Muna gifted
                  | it to you on level 4 of the Realm of Zot)
 72392 | Zot:4    | Identified Curoepp's Octavo of Searing Wounds (Sif Muna
                  | gifted it to you on level 4 of the Realm of Zot)
 72392 | Zot:4    | Identified Evuypirch's Annotations on Percussion (Sif Muna
                  | gifted it to you on level 4 of the Realm of Zot)
 72392 | Zot:4    | Identified Sif Muna's Atlas of Assaults (Sif Muna gifted it
                  | to you on level 4 of the Realm of Zot)
 72392 | Zot:4    | Received a gift from Sif Muna
 72506 | Zot:4    | Identified the ring "Wuarph" {Ice Str+2 Int+3 Stlth+}
 72506 | Zot:4    | Noticed Josephina
 72512 | Zot:4    | Killed Josephina
 74108 | Zot:5    | Entered Level 5 of the Realm of Zot
 74118 | Zot:5    | Identified Sif Muna's Spellbook of the Energetic Syncline
                  | (Sif Muna gifted it to you on level 5 of the Realm of Zot)
 74118 | Zot:5    | Received a gift from Sif Muna
 74698 | Zot:5    | Noticed a dread lich
 74705 | Zot:5    | Killed a dread lich
 74916 | Zot:5    | Noticed an ancient lich
 74921 | Zot:5    | Killed an ancient lich
 74994 | Zot:5    | Noticed a dread lich
 75191 | Zot:5    | Noticed an orb of fire
 75197 | Zot:5    | Noticed an orb of fire
 75201 | Zot:5    | Gained mutation: You are clumsy. (Dex -2) [an orb of fire]
 75201 | Zot:5    | Gained mutation: Armour fits poorly on your strangely
                  | shaped body. [an orb of fire]
 75203 | Zot:5    | Killed an orb of fire
 75204 | Zot:5    | Killed a dread lich
 75206 | Zot:5    | Killed an orb of fire
 75210 | Zot:5    | Noticed a dread lich
 75212 | Zot:5    | Killed a dread lich
 75214 | Zot:5    | Reached XP level 27. HP: 88/177 MP: 16/49
 75807 | Zot:5    | Got the Orb of Zot
 75912 | Depths:4 | Noticed Miad the pandemonium lord
 75913 | Depths:4 | Received a gift from Sif Muna
 75920 | Depths:4 | Killed Miad the pandemonium lord
 76350 | D:1      | gg
 76351 | D:$      | Escaped with the Orb!

Illustrated notes #PP..P.PP.PP.PP.PP# # #PP.P.PP.P.PP.P.PP# #PP.P.P.PPP.P.P.PP# #PP.P.PP.P3PP.P.PP# #PP.PP.PP.PP.PP.PP# #PPP.PP4PPP.PP.PPP# #PPP4PPP...PPP.PPP# #PPPP4.PPPPP..PPPP# #PPPPPP.*@4.PPPPPP# #PPPPPPPPPPPPPPPPP# ################### Turn 76350 on D:1: gg

Levels and vault maps discovered:
D:1:      roderic_crop_circles_arrival_small, layout_basic, hex_tiny
D:2:      layout_loops_ring, basic_ecumenical_altar, minmay_diced_spiral,
          uniq_sigmund
D:3:      lemuel_castle_with_subvaults [lemuel_castle_interior_original],
          layout_basic, marbit_many_paths, mainiacjoe_overflow_24_doors
D:4:      old_forge, layout_basic, minmay_temple_entry_from_below_a,
          hellmonk_ghost_happy_afterlife
D:5:      layout_rooms, gup_sewer_entry_spiral, nicolae_wooded_promenade,
          minmay_hedge_maze, kennysheep_small_circle
D:6:      layout_basic
D:7:      layout_rooms, grunt_temple_overflow_open,
          nicolae_ossuary_entry_catacombs
D:8:      layout_basic, uniq_maggie
D:9:      minmay_bloctagon_deflated, layout_cave_pools,
          minmay_orc_entry_temple_small
D:10:     layout_irregular_city, nicolae_ru_path_of_blood,
          lemuel_coloured_pillars_altar, ebering_ghost_rock_garden, pond
D:11:     layout_small_grid, serial_shops, shop
D:12:     layout_small_grid
D:13:     layout_roguey [special_room_bee], hellmonk_vaults_keyhole
D:14:     layout_irregular_city, hangedman_decor_cross_pass,
          portal_ice_cave_entry_pillars_three, chequers_serial_rivers_small_b,
          uniq_agnes
D:15:     grunt_enter_depths_snipers, layout_basic,
          nicolae_kikubaaqudgha_miasma_corner, grunt_qazlal_clouds
Temple:   nicolae_temple_x_marks_the_god
Lair:1:   layout_concentric_octagons, grunt_megastairs_5
Lair:2:   layout_roguey, nicolae_swamp_entry_spooky, spider_nest_entry_rubble,
          serial_bayou_pond_a, grunt_megastairs_4, infiniplex_staircase_pool,
          lemuel_fruit_tree
Lair:3:   layout_cave_pods, serial_bayou_shore_a
Lair:4:   layout_cave_pods, nicolae_slime_entry_slimehenge, basic_altar
Lair:5:   minmay_lair_end_enchanted_forest, layout_loops_ring,
          ebering_ghost_inner_flame, st_stairs_3
Swamp:1:  nicolae_swamp_wrong_neighborhood, layout_basic_swamp,
          nicolae_swamp_round_clearing
Swamp:2:  layout_falls_marsh, hangedman_swamp_blocks, swamp_pool1
Swamp:3:  layout_falls_marsh, serial_swamp_ruin, evilmike_swamp_ruin_rubble_2,
          evilmike_swamp_ruin_house_3, evilmike_swamp_ruin_house_5, swamp_pool2,
          nicolae_swamp_godswood, uniq_louise
Swamp:4:  nzn_swamp_witches_coven, layout_basic_swamp
Spider:1: layout_chambers, uniq_donald
Spider:2: nicolae_spider_hilbert_zone_3 [nicolae_spider_hilbert_4_sides_2_open,
          nicolae_spider_hilbert_3_sides_1_open,
          nicolae_spider_hilbert_3_sides_1_open,
          nicolae_spider_hilbert_3_sides_1_open,
          nicolae_spider_hilbert_3_sides_1_open,
          nicolae_spider_hilbert_4_sides_1_open,
          nicolae_spider_hilbert_4_sides_1_open,
          nicolae_spider_hilbert_4_sides_1_open,
          nicolae_spider_hilbert_4_sides_1_open,
          nicolae_spider_hilbert_4_sides_1_open,
          nicolae_spider_hilbert_4_sides_1_open,
          nicolae_spider_hilbert_4_sides_1_open,
          nicolae_spider_hilbert_4_sides_1_open,
          nicolae_spider_hilbert_3_sides_1_open,
          nicolae_spider_hilbert_3_sides_1_open,
          nicolae_spider_hilbert_3_sides_1_open,
          nicolae_spider_hilbert_3_sides_1_open], nicolae_spider_bug_shape
Spider:3: layout_chambers, nicolae_spider_cling_halls
Spider:4: grunt_spider_rune_parallel
Slime:1:  layout_caves
Slime:2:  layout_caves, basic_altar
Slime:3:  layout_caves
Slime:4:  layout_caves
Slime:5:  slime_pit_nicolae_amoeboid
Orc:1:    layout_caves
Orc:2:    st_orc_ogre_mass, layout_caves, basic_altar, uniq_maurice, uniq_azrael
Elf:1:    eino_elf_arrival_customs, layout_gridlike, serial_shops, shop,
          hangedman_elf_represent, uniq_roxanne, uniq_jorgrun
Elf:2:    elven_hall_of_blades_hangedman_original
          [nicolae_blade_entry_diamond_columns], layout_geoelf_octagon,
          dk_noncrumbling_2, billiards_dpeg, uniq_nikola
Elf:3:    minmay_elf_hall, layout_loops_ring, serial_sigils,
          serial_sigils_hangedman_etch, serial_sigils_hangedman_stare,
          serial_sigils_hangedman_quiver, serial_sigils_hangedman_carve,
          kilobyte_mutagenic_chamber, uniq_bai_suzhen
Vaults:1: nicolae_vaults_diamond_1, ontoclasm_vaults_ring_square,
          nicolae_vaults_little_ls, hangedman_vaults_hat,
          nicolae_vaults_gold_heap, hangedman_vaults_locks,
          nicolae_vaults_hexular_roomagon, nicolae_vaults_six-pack,
          nicolae_vaults_diamond_1, vaults_dpeg_hooks,
          nicolae_vaults_surprise_closet, layout_vaults_chaotic_city
Vaults:2: nicolae_vaults_triangles, hangedman_vaults_snaps,
          nicolae_vaults_network_periphery, nicolae_vaults_rhombus_6,
          nicolae_vaults_double_plus_1, vaults_dpeg_encased_lava,
          nicolae_vaults_offset_grid_hallway_1, nicolae_vaults_whirlpool_walls,
          vaults_dpeg_doors, vaults_room_pools, v_alt_pattern_6,
          nicolae_vaults_little_squares_1, nicolae_vaults_double_plus_1,
          nicolae_vaults_double_plus_2, vaults_mumra_chevron_long,
          ontoclasm_vaults_shuriken, nicolae_vaults_two_Ls,
          nicolae_vaults_six-pack, layout_vaults_ring
Vaults:3: hangedman_vaults_impose, minmay_crypt_entry_necro_gods, v_pattern_4,
          hangedman_vaults_river_flow, ontoclasm_vaults_fault,
          nicolae_vaults_trapezoid_1, hangedman_vaults_corner_blocks,
          grunt_vaults_funnel, nicolae_vaults_prndl,
          nicolae_vaults_tetromino_T_2, nicolae_vaults_house_2,
          nicolae_vaults_tetromino_Z_1, nicolae_vaults_security_offices_2,
          layout_vaults_omnicross, uniq_frederick
Vaults:4: v_misc_29, v_rooms_2, ontoclasm_vaults_bender,
          nicolae_vaults_trapezoid_lopsided_3, dpeg_vaults_monster_box,
          nicolae_vaults_tetromino_L_2, v_misc_3,
          vaults_mumra_minichess_inversion, nicolae_vaults_diagonal_hallway_7,
          nicolae_vaults_rhombus_5, vaults_dpeg_ring, layout_vaults_omnibox,
          serial_shops, nicolae_shop_back_alley_shop
Depths:1: layout_roguey, minmay_misc_feat_cross, hellmouth_3, kennysheep_nub,
          kennysheep_pointless_box, feat_on_display,
          infiniplex_staircase_pool_lava
Depths:2: kennysheep_oblong_rooms, layout_basic, hell_entry,
          abyss_entry_flame_altar, grunt_pan_entry_zigzag, serial_shops,
          bzr_entry_gold, uniq_vv
Depths:3: minmay_distorted_concentric_squares, layout_basic, enter_ziggurat_d,
          hell_entry, abyss_entry, minmay_door_square,
          infiniplex_staircase_pool_2, firewood_loft
Depths:4: evilmike_zot_entry_hall, layout_basic, serial_shops,
          nicolae_diamond_shop, nicolae_shop_crystal, nicolae_shop_waterfront,
          shop, shop, pdpol_wu_jian_five_deadly_venoms, hell_entry,
          minmay_swirly_circle, uniq_parghit
Zot:1:    layout_onion_interference
Zot:2:    layout_onion_interference, grunt_megastairs_3
Zot:3:    layout_misc_corridors
Zot:4:    hangedman_zot_vaults_quadrants, layout_onion_interference,
          uniq_josephina
Zot:5:    layout_basic

Skill      XL: |  1  2  3  4  5  6  7  8  9 10 11 12 13 14 15 16 17 18 19 20 21 22 23 24 25 26 27 |
---------------+----------------------------------------------------------------------------------+-----
Stealth        | 2 |  2.0
Dodging        | 2 3 4 5 6 8 11 13 14 15 16 17 18 20 | 20.0
Fire Magic     | 4 5 6 9 11 12 13 14 15 16 | 16.2
Spellcasting   | 2 3 4 6 10 11 12 14 15 16 18 20 | 20.0
Long Blades    | 4 |  4.0
Fighting       | 4 6 8 9 10 12 15 16 19 20 | 20.0
Evocations     | 4 6 8 |  8.9
Conjurations   | 2 7 9 12 13 14 15 17 18 | 18.0
Invocations    | 5 9 10 | 10.0
Transmutations | 5 |  5.0
Shields        | 4 |  4.0
Summonings     | 2 12 13 | 13.0
Earth Magic    | 2 6 8 12 15 17 19 20 21 25 | 25.0

Action                     |  1- 3 |  4- 6 |  7- 9 | 10-12 | 13-15 | 16-18 | 19-21 | 22-24 | 25-27 || total
---------------------------+-------+-------+-------+-------+-------+-------+-------+-------+-------++-------
  Melee: Falchion          |   113 |    56 |   107 |   118 |   183 |    43 |     1 |       |       ||   621
         Punch             |     2 |       |     3 |       |     3 |       |       |       |       ||     8
         Staff             |       |       |       |       |       |       |    22 |     4 |       ||    26
  Throw: Dart              |       |       |       |     5 |     4 |       |       |       |       ||     9
         Throwing net      |       |       |       |       |       |       |       |     1 |       ||     1
   Cast: Scorch            |    11 |    80 |   358 |   145 |   141 |    22 |    19 |       |       ||   776
         Volatile Blastmot |       |       |    13 |    14 |       |     3 |       |       |     2 ||    32
         Starburst         |       |       |       |    70 |   305 |   409 |   288 |   103 |    71 ||  1246
         Iskenderun's Myst |       |       |       |    67 |    13 |       |       |       |       ||    80
         Irradiate         |       |       |       |       |    10 |    12 |     4 |       |    11 ||    37
         Bombard           |       |       |       |       |       |    61 |    86 |     2 |     4 ||   153
         Spellforged Servi |       |       |       |       |       |    22 |    29 |     5 |    41 ||    97
         Lehudib's Crystal |       |       |       |       |       |       |    66 |    58 |   212 ||   336
         Ignition          |       |       |       |       |       |       |     9 |    35 |    39 ||    83
         Shatter           |       |       |       |       |       |       |       |       |     6 ||     6
         Death's Door      |       |       |       |       |       |       |       |       |     1 ||     1
 Invoke: Fiery Armour      |     1 |     1 |       |     2 |       |       |       |       |       ||     4
         Foxfire Swarm     |       |     2 |       |     2 |       |       |       |       |       ||     4
         Channel Magic     |       |       |       |       |       |     3 |     4 |     1 |     7 ||    15
         Divine Exegesis   |       |       |       |       |       |       |       |       |     1 ||     1
  Evoke: Wand              |       |       |       |    34 |    10 |    20 |     3 |     1 |     7 ||    75
         Lightning rod     |       |       |       |       |       |       |     3 |       |       ||     3
    Use: Scroll            |     1 |     4 |    13 |     9 |    14 |     7 |     9 |     4 |     6 ||    67
         Potion            |       |       |       |     8 |       |     8 |    13 |     4 |    20 ||    53
   Stab: Sleeping          |     2 |       |     1 |       |       |       |       |       |       ||     3
         Distracted        |     1 |       |       |       |       |       |       |       |       ||     1
         Invisible         |       |       |       |       |     1 |       |       |       |       ||     1
 Armour: Robe              |    81 |    48 |   139 |     7 |       |       |       |       |       ||   275
         Troll leather arm |       |       |       |   226 |   324 |   277 |   230 |    51 |    99 ||  1207
  Dodge: Dodged            |    94 |    79 |   183 |   180 |   327 |   266 |   179 |    50 |   142 ||  1500
  Block: Other             |       |       |    32 |    75 |    60 |       |       |       |       ||   167
         Reflection        |       |       |     1 |     3 |    12 |       |       |       |       ||    16
         Buckler           |       |       |       |       |   110 |    30 |       |       |       ||   140

Table legend: (Time is in decaauts)
 A = Elapsed time spent in this place.
 B = Non-inter-level travel time spent in this place.
 C = Inter-level travel time spent in this place.
 D = Time resting spent in this place.
 E = Time spent auto-exploring this place.
 F = Levels seen in this place.
 G = Mean time per level.
                   A        B        C        D        E       F      G
               +--------+--------+--------+--------+--------+-----+--------+
         Total |  76966 |  71380 |   5586 |  26196 |  29279 |  57 | 1350.3 |
       Dungeon |  24139 |  21676 |   2463 |   8310 |   8857 |  15 | 1609.3 |
        Temple |     25 |     16 |      9 |      4 |      0 |   1 |   25.0 |
          Lair |  11874 |  11120 |    754 |   5909 |   3230 |   5 | 2374.8 |
         Swamp |   5387 |   5167 |    220 |   1571 |   2442 |   4 | 1346.8 |
   Spider Nest |   6380 |   5982 |    398 |   1669 |   3082 |   4 | 1595.0 |
    Slime Pits |   1788 |   1728 |     60 |    647 |    360 |   5 |  357.6 |
  Orcish Mines |   1780 |   1544 |    236 |    503 |    590 |   2 |  890.0 |
   Elven Halls |   4075 |   3786 |    289 |    875 |   1891 |   3 | 1358.3 |
        Vaults |   6154 |   5946 |    208 |   1666 |   3232 |   4 | 1538.5 |
        Depths |   6116 |   5474 |    642 |   1601 |   2547 |   4 | 1529.0 |
           Zot |   7120 |   6818 |    302 |   2453 |   2539 |   5 | 1424.0 |
         Abyss |     66 |     66 |      0 |     12 |      0 |   1 |   66.0 |
        Bazaar |     90 |     90 |      0 |      0 |     50 |   1 |   90.0 |
         Sewer |    882 |    882 |      0 |    376 |    244 |   1 |  882.0 |
       Ossuary |    935 |    935 |      0 |    484 |    213 |   1 |  935.0 |
      Ice Cave |    149 |    149 |      0 |    114 |      0 |   1 |  149.0 |
               +--------+--------+--------+--------+--------+-----+--------+

Top non-repeatable levels by time:
  Lair:3: 3312 daAuts
     D:3: 3253 daAuts
  Lair:5: 2855 daAuts
    D:13: 2613 daAuts
  Lair:4: 2452 daAuts
   Zot:4: 2222 daAuts
     D:6: 2151 daAuts
  Lair:2: 2140 daAuts
Depths:4: 2071 daAuts
   Elf:3: 1965 daAuts
    D:10: 1924 daAuts
 Swamp:4: 1824 daAuts
Vaults:1: 1800 daAuts
Spider:2: 1784 daAuts
Spider:1: 1730 daAuts
